Map: Zen LE

Players

llllllllllll (Trap)

  • Race: Protoss Protoss
  • League: Master
  • Spawn Location: 7:00

TYTY (TY) - Winner!

  • Race: Terran Terran
  • League: Grandmaster
  • Spawn Location: 1:00

Event: Shopify TSL 5

VOD

Have the link to the VOD?

Description

Time

  • Played on: May 17, 2020, 9:13 a.m.
  • Length: 7:02

All games in this series

Show
View Real Time Build Order
Export as new Build Order

llllllllllll Protoss 

Build Orders:  

Get SALT Encoding   

  12  0:00  Probe  
  13  0:12  Probe  
  14  0:19  Pylon  
  14  0:24  Probe  
  15  0:37  Probe (Chrono Boost), Gateway  
  16  0:47  Probe (Chrono Boost)  
  16  0:49  Assimilator  
  17  0:51  Probe (Chrono Boost)  
  18  1:03  Probe  
  19  1:15  Probe  
  20  1:25  Cybernetics Core  
  20  1:30  Zealot  
  20  1:32  Probe, Pylon  
  23  1:54  Nexus  
  23  1:59  Stalker (Chrono Boost)  
  23  2:05  Probe  
  26  2:11  Assimilator  
  26  2:14  Warp Gate  
  25  2:23  Adept (Chrono Boost)  
  25  2:28  Probe  
  27  2:40  Probe  
  28  2:46  Stalker  
  30  2:52  Probe  
  30  2:58  Robotics Facility  
  32  3:07  Probe (Chrono Boost)  
  32  3:10  Probe (Chrono Boost)  
  33  3:17  Probe (Chrono Boost), Stalker  
  36  3:20  Probe (Chrono Boost)  
  36  3:22  Probe (Chrono Boost)  
  35  3:30  Probe  
  35  3:34  Probe  
  37  3:42  Probe  
  37  3:45  Gateway  
  37  3:46  Gateway  
  36  3:53  Warp Prism (Chrono Boost)  
  36  4:02  Adept  
  40  4:07  Pylon  
  31  4:26  Stalker  
  32  4:34  Observer  
  31  4:40  Stalker x2  
  31  4:44  Shield Battery  
  35  4:58  Stalker x3  
  41  5:23  Zealot x3  
  47  5:34  Probe  
  47  5:35  Probe  
  36  5:47  Probe x2 (Chrono Boost)  
  33  5:57  Observer  
  33  5:58  Probe x2 (Chrono Boost)  
  33  6:03  Probe x2 (Chrono Boost)  
  36  6:14  Zealot x2  
  36  6:17  Stalker  
  41  6:26  Probe x2 (Chrono Boost)  
  43  6:35  Probe x2 (Chrono Boost)  
  44  6:44  Stalker x2  
  48  6:51  Stalker  
Show
View Real Time Build Order
Export as new Build Order

TYTY Terran - Winner!

Build Orders:  

Get SALT Encoding   

  12  0:00  SCV  
  13  0:12  SCV  
  14  0:18  Supply Depot  
  14  0:24  SCV  
  15  0:40  SCV, Barracks  
  16  0:45  Refinery  
  16  0:52  SCV  
  16  0:55  Refinery  
  17  1:04  SCV  
  18  1:16  SCV  
  19  1:28  Reaper  
  19  1:29  Orbital Command  
  20  1:37  Supply Depot  
  20  1:46  Factory  
  20  1:56  SCV  
  20  2:00  Reaper  
  22  2:03  Bunker  
  22  2:08  SCV  
  23  2:16  Bunker  
  23  2:21  SCV  
  23  2:30  Factory Reactor  
  23  2:32  Reaper  
  23  2:34  SCV, Supply Depot  
  25  2:46  SCV  
  26  2:53  Command Center  
  26  2:58  SCV  
  26  2:59  Starport  
  26  3:04  Reaper  
  28  3:08  Hellion  
  30  3:13  Hellion  
  30  3:15  SCV  
  32  3:29  SCV, Hellion  
  34  3:34  Hellion  
  34  3:38  Starport Tech Lab  
  34  3:40  Reaper  
  36  3:42  SCV  
  37  3:55  Barracks  
  38  4:01  Medivac  
  39  4:04  Supply Depot  
  39  4:14  Hellion x2  
  41  4:18  SCV  
  41  4:28  Orbital Command  
  41  4:35  SCV  
  42  4:41  Reaper  
  43  4:48  Siege Tank  
  43  4:51  Viking  
  48  4:58  Marine x2  
  50  5:07  Bunker  
  50  5:16  Marine x2  
  50  5:21  Siege Tank, Viking  
  54  5:32  SCV  
  51  5:37  Marine x2  
  51  5:40  SCV  
  53  5:45  SCV  
  50  5:52  SCV  
  50  5:53  Siege Tank  
  50  5:54  Marine  
  50  5:55  Starport Tech Lab, Marine  
  57  6:07  Orbital Command  
  54  6:12  Marine x2  
  54  6:14  Raven  
  54  6:15  SCV  
  57  6:23  Barracks x2  
  57  6:27  SCV  
  58  6:33  SCV  
  58  6:35  Supply Depot  
  58  6:38  Marine x2  
  58  6:39  SCV  
  62  6:48  SCV  
Tags
 
Add a new tag
Caveats
  • Supply blocks, unpowered buildings, or Contaminate may cause inaccurate times.
  • Supply counts are checked every 10 seconds.